Comets vs Gulls

Created - Sunday, February 14, 2016 at 04:07

Goals
1 2 3 T
Comets 0 1 0 1
Gulls 0 1 1 2
Shots
1 2 3 T
Comets 7 12 6 25
Gulls 15 16 4 35

1st period

No Goal

Penalties :
Derek Meech (UTI) for Holding (Minor) at 1:07

2nd period

1. Comets , Andrew Ference 7 (Colby Robak, Sven Baertschi) at 3:44 (PP)
2. Gulls , Sven Andrighetto 9 (Ryan Bourque) at 6:24 (PP)

Penalties :
William Wrenn (SDI) for Holding (Minor) at 3:14, Jerry D'Amigo (SDI) for Fighting (Major) at 6:03, Jared Boll (UTI) for Fighting (Major) at 6:03, Jared Boll (UTI) for instigated a fight (Minor) at 6:03, Jared Boll (UTI) for instigated a fight (10 Minutes Misconduct) at 6:03, William Wrenn (SDI) for Hooking (Minor) at 8:37, Brendan Gaunce (UTI) for Hooking (Minor) at 12:54, Andrew Ference (UTI) for Charging (Minor) at 18:42

3rd period

3. Gulls , Sven Andrighetto 10 (Phil Lane, Ryan Bourque) at 3:29 (PP)

Penalties :
Jared Boll (UTI) for Interference (Minor) at 3:23, Ryan Pulock (SDI) for Fighting (Major) at 4:10, Jared Boll (UTI) for Fighting (Major) at 4:10, Jared Boll (UTI) for instigated a fight (Minor) at 4:10, Jared Boll (UTI) for instigated a fight (10 Minutes Misconduct) at 4:10, Corbin McPherson (UTI) for Holding Stick (Minor) at 19:16

Goalie Stats

Mike Condon (UTI), 33 saves from 35 shots - (0.943), L, 36-15-13, 59:44 minutes
Jussi Rynnas (SDI), 24 saves from 25 shots - (0.960), W, 24-10-12, 60:00 minutes

Players Stats for Comets

Player Name              G  A  P  +/- PIM S  H  SB GA TA FO     MP     PP MP  PK MP  
------------------------------------------------------------------------------------
Andrew Ference           1  0  1   0  2   4  3  2  1  0  0/0    23:11   1:31   5:36 
Ben Hanowski             0  0  0   0  0   2  0  0  3  0  0/0    14:49   0:00   0:46 
Brendan Gaunce           0  0  0   0  2   2  1  0  0  0  6/7    12:53   0:00   0:00 
Colby Robak              0  1  1   0  0   5  1  0  1  2  0/0    24:44   1:31   7:08 
Corbin McPherson         0  0  0   0  2   1  0  0  1  0  0/0    14:16   0:00   0:00 
Derek Meech              0  0  0   0  2   0  2  1  0  2  0/0    21:07   0:58   1:58 
Jared Boll               0  0  0   0  36  1  2  0  1  0  0/0     8:53   0:00   0:53 
Jeremy Welsh             0  0  0   0  0   0  2  0  2  1  8/14   12:02   1:33   0:00 
Kent Huskins             0  0  0   0  0   1  0  0  0  4  0/0    20:59   0:58   1:58 
Logan Shaw               0  0  0   0  0   0  0  0  0  1  0/1    10:48   0:56   0:00 
Mike Sislo               0  0  0   0  0   1  3  0  0  1  3/10   22:37   1:33   5:22 
Mike Zalewski            0  0  0   0  0   1  0  0  0  0  1/1     9:08   0:00   0:00 
Nicklas Jensen           0  0  0   0  0   0  0  0  2  0  0/0    15:47   0:00   2:17 
Reid Boucher             0  0  0   0  0   2  0  0  1  0  1/2    18:10   0:56   1:52 
Ryan Martindale          0  0  0   0  0   2  1  0  2  1  6/10   16:13   0:56   0:10 
Scott Glennie            0  0  0   0  0   1  0  0  1  0  0/0     9:50   0:00   0:00 
Sven Baertschi           0  1  1   0  0   2  2  1  5  0  0/1    19:17   1:33   6:52 
Yann Sauve               0  0  0   0  0   0  2  0  0  2  0/0    16:03   0:00   1:32 

Players Stats for Gulls

Player Name              G  A  P  +/- PIM S  H  SB GA TA FO     MP     PP MP  PK MP  
------------------------------------------------------------------------------------
Antoine Laganiere        0  0  0   0  0   4  2  0  0  0  1/5    14:31   0:55   0:00 
Brad Richard             0  0  0   0  0   0  0  0  0  0  0/0     0:00   0:00   0:00 
Brandon Gormley          0  0  0   0  0   2  2  1  2  2  0/0    27:50   6:14   1:20 
Carter Camper            0  0  0   0  0   3  0  1  2  0  4/9    14:34   4:25   0:29 
Chase Schaber            0  0  0   0  0   2  1  2  0  0  6/14   13:18   0:00   1:22 
FARM PLAYER14            0  0  0   0  0   0  1  2  0  0  0/1    20:22   3:52   1:09 
Jerry D'Amigo            0  0  0   0  5   3  1  0  3  0  2/3    19:03   4:25   0:00 
Jimmy Bonneau            0  0  0   0  0   3  1  0  0  1  1/1    11:31   0:00   0:00 
Joey Crabb               0  0  0   0  0   1  0  1  3  2  0/0    13:15   0:00   0:00 
Jordan Caron             0  0  0   0  0   1  1  2  2  0  1/1    15:06   0:00   0:00 
Matt Lashoff             0  0  0   0  0   0  3  2  1  0  0/0    18:12   2:52   1:39 
Phil Lane                0  1  1   0  0   0  3  1  0  1  1/1    21:27   4:19   1:30 
Ryan Bourque             0  2  2   0  0   2  2  2  2  0  3/4    20:29   4:41   1:37 
Ryan Murphy              0  0  0   0  0   2  0  1  0  0  0/0    24:44   6:14   0:00 
Ryan Pulock              0  0  0   0  5   5  0  3  1  1  0/0    19:54   0:00   0:50 
Scott Ford               0  0  0   0  0   1  0  0  0  0  0/0     1:09   0:00   0:00 
Sven Andrighetto         2  0  2   0  0   6  0  1  5  1  2/7    20:23   4:41   0:00 
William Wrenn            0  0  0   0  4   0  1  0  0  1  0/0    21:39   2:52   0:00 

3 Stars

1 - Sven Andrighetto (SDI)
2 - Jussi Rynnas (SDI)
3 - Ryan Bourque (SDI)

Power Play

Comets - 1 on 2 Attempt(s) - 50.00%
Gulls - 2 on 7 Attempt(s) - 28.57%

Penalty Kill

Comets - 5 on 7 Attempt(s) - 71.43% - Score 0 goal in Penalty Kill
Gulls - 1 on 2 Attempt(s) - 50.00% - Score 0 goal in Penalty Kill

Team Stat

Comets - Hits : 19 - Faceoff Wins : 25 - Blocked Shots : 4 - Penalty Minutes : 44
Gulls - Hits : 18 - Faceoff Wins : 21 - Blocked Shots : 19 - Penalty Minutes : 14

Official

Referees : Unknown
Linesman : Unknown

Game Notes

Jerry D'Amigo beats up Jared Boll at 6:03 of 2nd period
Jared Boll beats up Ryan Pulock at 4:10 of 3rd period

Finance

Level 1 -- Attendance: 1460 (73.00%) -- Ticket Income $51,100
Level 2 -- Attendance: 702 (70.20%) -- Ticket Income $10,530
Total Attendance: 2162 (72.07%)
Total Ticket Income: $61,630
Other Income: $30,199
Total Income: $91,829

Comets

5 vs 5 Forward 
   Center                   Left Wing                Right Wing               Time % Phy DF OF 
 1 Jeremy Welsh             Sven Baertschi           Mike Sislo               35     1   2  2  
 2 Ryan Martindale          Reid Boucher             Jared Boll               30     1   2  2  
 3 Brendan Gaunce           Ben Hanowski             Nicklas Jensen           22     1   2  2  
 4 Mike Sislo               Mike Zalewski            Scott Glennie            13     1   2  2  

5 vs 5 Defense 
   Defense                  Defense                                           Time % Phy DF OF 
 1 Andrew Ference           Colby Robak                                       35     1   2  2  
 2 Kent Huskins             Derek Meech                                       30     1   2  2  
 3 Corbin McPherson         Yann Sauve                                        22     1   2  2  
 4 Andrew Ference           Colby Robak                                       13     1   2  2  

PowerPlay Forward 
   Center                   Left Wing                Right Wing               Time % Phy DF OF 
 1 Jeremy Welsh             Sven Baertschi           Mike Sislo               60     1   2  2  
 2 Ryan Martindale          Reid Boucher             Jared Boll               40     1   2  2  

PowerPlay Defense
   Defense                  Defense                                           Time % Phy DF OF 
 1 Andrew Ference           Colby Robak                                       60     1   2  2  
 2 Kent Huskins             Derek Meech                                       40     1   2  2  

Penalty Kill 4 Players Forward 
   Center                   Wing                     Time % Phy DF OF 
 1 Mike Sislo               Sven Baertschi           60     1   2  2  
 2 Reid Boucher             Jared Boll               40     1   2  2  

Penalty Kill 4 Players Defense
   Defense                  Defense                  Time % Phy DF OF 
 1 Andrew Ference           Colby Robak              60     1   2  2  
 2 Kent Huskins             Derek Meech              40     1   2  2  

Penalty Kill - 3 Players Forward 
   Forward                                           Time % Phy DF OF 
 1 Mike Sislo                                        60     1   2  2  
 2 Sven Baertschi                                    40     1   2  2  

Penalty Kill - 3 Players Defense
   Defense                  Defense                  Time % Phy DF OF 
 1 Andrew Ference           Colby Robak              60     1   2  2  
 2 Kent Huskins             Derek Meech              40     1   2  2  

4 vs 4 Forward 
   Center                   Wing                     Time % Phy DF OF 
 1 Mike Sislo               Sven Baertschi           60     1   2  2  
 2 Reid Boucher             Jared Boll               40     1   2  2  

4 vs 4 Defense
   Defense                  Defense                  Time % Phy DF OF 
 1 Andrew Ference           Colby Robak              60     1   2  2  
 2 Kent Huskins             Derek Meech              40     1   2  2  

Last Minutes Offensive
   Center                   Left Wing                Right Wing               Defense                  Defense                  
   Jeremy Welsh             Sven Baertschi           Mike Sislo               Andrew Ference           Colby Robak              

Last Minutes Defensive
   Center                   Left Wing                Right Wing               Defense                  Defense                  
   Jeremy Welsh             Sven Baertschi           Mike Sislo               Andrew Ference           Colby Robak              

Goaltenders
Starting : Mike Condon              
Backup : Chris Driedger           

Extra Forwards
Normal : Logan Shaw, Ben Hanowski, Nicklas Jensen - PP : Logan Shaw, Ben Hanowski - PK : Nicklas Jensen
Extra Defensemen
Normal : Corbin McPherson, Yann Sauve, Kent Huskins - PP : Corbin McPherson - PK : Yann Sauve, Kent Huskins
Penalty Shots
Mike Sislo, Sven Baertschi, Reid Boucher, Jared Boll, Jeremy Welsh

Gulls

5 vs 5 Forward 
   Center                   Left Wing                Right Wing               Time % Phy DF OF 
 1 Sven Andrighetto         Jordan Caron             Phil Lane                35     1   2  2  
 2 Carter Camper            Jerry D'Amigo            FARM PLAYER14            30     1   2  2  
 3 Antoine Laganiere        Ryan Bourque             Joey Crabb               22     1   2  2  
 4 Chase Schaber            Jimmy Bonneau            Jerry D'Amigo            13     1   2  2  

5 vs 5 Defense 
   Defense                  Defense                                           Time % Phy DF OF 
 1 Ryan Murphy              Brandon Gormley                                   35     1   2  2  
 2 Ryan Pulock              William Wrenn                                     30     1   2  2  
 3 Brandon Gormley          Matt Lashoff                                      22     1   2  2  
 4 Brandon Gormley          Ryan Pulock                                       13     1   2  2  

PowerPlay Forward 
   Center                   Left Wing                Right Wing               Time % Phy DF OF 
 1 Ryan Bourque             Sven Andrighetto         Phil Lane                60     1   2  2  
 2 Carter Camper            Jerry D'Amigo            FARM PLAYER14            40     1   2  2  

PowerPlay Defense
   Defense                  Defense                                           Time % Phy DF OF 
 1 Ryan Murphy              Brandon Gormley                                   60     1   2  2  
 2 Matt Lashoff             William Wrenn                                     40     1   2  2  

Penalty Kill 4 Players Forward 
   Center                   Wing                     Time % Phy DF OF 
 1 Phil Lane                Ryan Bourque             60     1   2  2  
 2 Jerry D'Amigo            Carter Camper            40     1   2  2  

Penalty Kill 4 Players Defense
   Defense                  Defense                  Time % Phy DF OF 
 1 Ryan Pulock              Brandon Gormley          60     1   2  2  
 2 Matt Lashoff             William Wrenn            40     1   2  2  

Penalty Kill - 3 Players Forward 
   Forward                                           Time % Phy DF OF 
 1 Jerry D'Amigo                                     60     1   2  2  
 2 Carter Camper                                     40     1   2  2  

Penalty Kill - 3 Players Defense
   Defense                  Defense                  Time % Phy DF OF 
 1 Matt Lashoff             Brandon Gormley          60     1   2  2  
 2 Ryan Pulock              William Wrenn            40     1   2  2  

4 vs 4 Forward 
   Center                   Wing                     Time % Phy DF OF 
 1 Jordan Caron             Antoine Laganiere        60     1   2  2  
 2 Jerry D'Amigo            Carter Camper            40     1   2  2  

4 vs 4 Defense
   Defense                  Defense                  Time % Phy DF OF 
 1 Matt Lashoff             Brandon Gormley          60     1   2  2  
 2 FARM PLAYER14            William Wrenn            40     1   2  2  

Last Minutes Offensive
   Center                   Left Wing                Right Wing               Defense                  Defense                  
   Sven Andrighetto         Jordan Caron             Phil Lane                Ryan Murphy              Brandon Gormley          

Last Minutes Defensive
   Center                   Left Wing                Right Wing               Defense                  Defense                  
   Sven Andrighetto         Jordan Caron             Phil Lane                Ryan Murphy              Brandon Gormley          

Goaltenders
Starting : Jussi Rynnas             
Backup : Louis Domingue           

Extra Forwards
Normal : Ryan Bourque, Antoine Laganiere, Chase Schaber - PP : Ryan Bourque, Antoine Laganiere - PK : Chase Schaber
Extra Defensemen
Normal : William Wrenn, Matt Lashoff, Brandon Gormley - PP : Brandon Gormley - PK : Matt Lashoff, Brandon Gormley
Penalty Shots
Phil Lane, Chase Schaber, Jerry D'Amigo, Carter Camper, Ryan Bourque

% Time on Ice - Comets

Lines # - Real PCT - Wanted PCT - Time Play
Normal Forward
1 - 22% - 35% - 10:52
2 - 33% - 30% - 15:45
3 - 26% - 22% - 12:40
4 - 19% - 13% - 9:08
Normal Defense
1 - 29% - 35% - 14:14
2 - 37% - 30% - 18:03
3 - 30% - 22% - 14:17
4 - 4% - 13% - 1:51
PP Forward
1 - 62% - 60% - 1:33
2 - 38% - 40% - 0:56
PP Defense
1 - 61% - 60% - 1:31
2 - 39% - 40% - 0:58
PK Forward
1 - 79% - 60% - 7:14
2 - 21% - 40% - 1:52
PK Defense
1 - 78% - 60% - 7:08
2 - 22% - 40% - 1:58
PK3 Forward
1 - 0% - 60%
2 - 0% - 40%
PK3 Defense
1 - 0% - 60%
2 - 0% - 40%
44 Forward
1 - 0% - 60%
2 - 0% - 40%
44 Defense
1 - 0% - 60%
2 - 0% - 40%
Last Minute Offensive  - 0:00
Last Minute Defensive  - 0:00
Total
Forward - 60:00
Defense - 60:00

% Time on Ice - Gulls

Lines # - Real PCT - Wanted PCT - Time Play
Normal Forward
1 - 32% - 35% - 15:38
2 - 20% - 30% - 9:40
3 - 26% - 22% - 12:23
4 - 22% - 13% - 10:44
Normal Defense
1 - 29% - 35% - 13:53
2 - 37% - 30% - 17:44
3 - 20% - 22% - 9:42
4 - 15% - 13% - 7:06
PP Forward
1 - 51% - 60% - 4:41
2 - 49% - 40% - 4:25
PP Defense
1 - 68% - 60% - 6:14
2 - 32% - 40% - 2:52
PK Forward
1 - 81% - 60% - 2:00
2 - 19% - 40% - 0:29
PK Defense
1 - 34% - 60% - 0:50
2 - 66% - 40% - 1:39
PK3 Forward
1 - 0% - 60%
2 - 0% - 40%
PK3 Defense
1 - 0% - 60%
2 - 0% - 40%
44 Forward
1 - 0% - 60%
2 - 0% - 40%
44 Defense
1 - 0% - 60%
2 - 0% - 40%
Last Minute Offensive  - 0:00
Last Minute Defensive  - 0:00
Total
Forward - 60:00
Defense - 60:00

Play by Play

1st period


0:01 of 1st period - Jordan Caron wins face-off versus Jeremy Welsh in neutral zone.
0:06 of 1st period - Snap shot by Jordan Caron.
0:06 of 1st period - Stopped by Mike Condon without a rebound.
0:07 of 1st period - Jeremy Welsh wins face-off versus Sven Andrighetto in Comets zone.
0:16 of 1st period - Sven Andrighetto is hit by Colby Robak and loses puck.
0:50 of 1st period - Icing by Brandon Gormley.
0:51 of 1st period - Ryan Martindale wins face-off versus Carter Camper in Gulls zone.
1:07 of 1st period - Minor Penalty to Derek Meech for Holding.
1:08 of 1st period - Ryan Bourque wins face-off versus Mike Sislo in Comets zone.
1:34 of 1st period - Andrew Ference is hit by Ryan Bourque.
2:27 of 1st period - Wrist shot by Sven Andrighetto.
2:27 of 1st period - Stopped by Mike Condon with a rebound.
2:29 of 1st period - Slapshot by Ryan Murphy.
2:29 of 1st period - Stopped by Mike Condon with a rebound.
2:31 of 1st period - Snap shot by Brandon Gormley.
2:31 of 1st period - Stopped by Mike Condon with a rebound.
2:33 of 1st period - Slapshot by Sven Andrighetto.
2:33 of 1st period - Deflect By Ryan Bourque.
2:33 of 1st period - Stopped by Mike Condon with a rebound.
2:49 of 1st period - Mike Sislo is hit by Brandon Gormley and loses puck.
3:07 of 1st period - Penalty to Derek Meech is over, Derek Meech is back on ice.
4:55 of 1st period - Snap shot by Scott Glennie.
4:55 of 1st period - Stopped by Jussi Rynnas with a rebound.
4:57 of 1st period - Snap shot by Corbin McPherson.
4:57 of 1st period - Stopped by Jussi Rynnas with a rebound.
4:59 of 1st period - Slapshot by Corbin McPherson.
4:59 of 1st period - Deflect By Mike Sislo.
4:59 of 1st period - Stopped by Jussi Rynnas without a rebound.
5:00 of 1st period - Jerry D'Amigo wins face-off versus Mike Sislo in Gulls zone.
5:35 of 1st period - Slapshot by Ryan Pulock.
5:35 of 1st period - Deflect By Antoine Laganiere.
5:35 of 1st period - Shot Misses the Net.
5:35 of 1st period - Puck is out of play.
5:36 of 1st period - Antoine Laganiere wins face-off versus Ryan Martindale in Comets zone.
5:41 of 1st period - Snap shot by Joey Crabb.
5:41 of 1st period - Shot Hit the Post.
6:58 of 1st period - Snap shot by Jerry D'Amigo.
6:58 of 1st period - Stopped by Mike Condon with a rebound.
7:08 of 1st period - Derek Meech is hit by Brandon Gormley and loses puck.
8:25 of 1st period - Matt Lashoff is hit by Yann Sauve and loses puck.
9:34 of 1st period - Wrist shot by Reid Boucher.
9:34 of 1st period - Deflect By Ryan Pulock.
9:34 of 1st period - Stopped by Jussi Rynnas with a rebound.
9:36 of 1st period - Slapshot by Colby Robak.
9:36 of 1st period - Deflect By Ryan Pulock.
9:36 of 1st period - Stopped by Jussi Rynnas without a rebound.
9:37 of 1st period - Carter Camper wins face-off versus Ryan Martindale in Gulls zone.
9:37 of 1st period - Carter Camper is hit by Ryan Martindale.
10:07 of 1st period - Brandon Gormley is hit by Andrew Ference and loses puck.
10:28 of 1st period - Snap shot by Nicklas Jensen.
10:28 of 1st period - Shot Misses the Net.
12:19 of 1st period - Corbin McPherson is hit by FARM PLAYER14 and loses puck.
13:40 of 1st period - Slapshot by Ryan Pulock.
13:40 of 1st period - Stopped by Mike Condon without a rebound.
13:41 of 1st period - Brendan Gaunce wins face-off versus Antoine Laganiere in Comets zone.
14:08 of 1st period - Icing by Antoine Laganiere.
14:09 of 1st period - Jeremy Welsh wins face-off versus Antoine Laganiere in Gulls zone.
14:29 of 1st period - Icing by Corbin McPherson.
14:30 of 1st period - Jimmy Bonneau wins face-off versus Jeremy Welsh in Comets zone.
14:31 of 1st period - Slapshot by Ryan Pulock.
14:31 of 1st period - Shot Blocked by Sven Baertschi.
14:37 of 1st period - Chase Schaber is hit by Mike Sislo and loses puck.
15:07 of 1st period - Wrist shot by Sven Andrighetto.
15:07 of 1st period - Stopped by Mike Condon with a rebound.
15:27 of 1st period - Wrist shot by Reid Boucher.
15:27 of 1st period - Shot Misses the Net.
15:29 of 1st period - Slapshot by Kent Huskins.
15:29 of 1st period - Shot Blocked by Ryan Pulock.
15:31 of 1st period - Slapshot by Kent Huskins.
15:31 of 1st period - Stopped by Jussi Rynnas with a rebound.
15:43 of 1st period - Slapshot by Reid Boucher.
15:43 of 1st period - Shot Blocked by FARM PLAYER14.
16:18 of 1st period - Carter Camper is hit by Jared Boll and loses puck.
17:03 of 1st period - Snap shot by Mike Zalewski.
17:03 of 1st period - Stopped by Jussi Rynnas without a rebound.
17:04 of 1st period - Sven Andrighetto wins face-off versus Logan Shaw in Gulls zone.
19:12 of 1st period - Snap shot by Ryan Murphy.
19:12 of 1st period - Shot Blocked by Andrew Ference.
19:14 of 1st period - Wrist shot by Scott Ford.
19:14 of 1st period - Deflect By Reid Boucher.
19:14 of 1st period - Stopped by Mike Condon with a rebound.
19:18 of 1st period - Slapshot by Ryan Murphy.
19:18 of 1st period - Stopped by Mike Condon without a rebound.
19:19 of 1st period - Chase Schaber wins face-off versus Sven Baertschi in Comets zone.
19:20 of 1st period - Snap shot by Jimmy Bonneau.
19:20 of 1st period - Stopped by Mike Condon with a rebound.
19:22 of 1st period - Slapshot by Ryan Murphy.
19:22 of 1st period - Shot Blocked by Derek Meech.
19:24 of 1st period - Snap shot by Antoine Laganiere.
19:24 of 1st period - Stopped by Mike Condon with a rebound.
19:26 of 1st period - Snap shot by Jimmy Bonneau.
19:26 of 1st period - Stopped by Mike Condon without a rebound.
19:27 of 1st period - Jeremy Welsh wins face-off versus Chase Schaber in Comets zone.
19:36 of 1st period - Wrist shot by Jimmy Bonneau.
19:36 of 1st period - Stopped by Mike Condon with a rebound.
19:38 of 1st period - Wrist shot by Antoine Laganiere.
19:38 of 1st period - Stopped by Mike Condon without a rebound.
19:39 of 1st period - Jeremy Welsh wins face-off versus Chase Schaber in Comets zone.
Goals for this period are 0 for Comets vs 0 for Gulls.
Shots for this period are 7 for Comets vs 15 for Gulls.

2nd period


0:01 of 2nd period - Jeremy Welsh wins face-off versus Sven Andrighetto in neutral zone.
0:47 of 2nd period - Slapshot by Reid Boucher.
0:47 of 2nd period - Shot Misses the Net.
0:49 of 2nd period - Slapshot by Colby Robak.
0:49 of 2nd period - Stopped by Jussi Rynnas with a rebound.
0:59 of 2nd period - Slapshot by Reid Boucher.
0:59 of 2nd period - Shot Blocked by Ryan Murphy.
1:01 of 2nd period - Slapshot by Derek Meech.
1:01 of 2nd period - Shot Misses the Net.
1:09 of 2nd period - Snap shot by Reid Boucher.
1:09 of 2nd period - Stopped by Jussi Rynnas with a rebound.
1:53 of 2nd period - Snap shot by Ben Hanowski.
1:53 of 2nd period - Stopped by Jussi Rynnas with a rebound.
1:59 of 2nd period - Snap shot by Nicklas Jensen.
1:59 of 2nd period - Shot Blocked by Jordan Caron.
2:40 of 2nd period - Snap shot by Carter Camper.
2:40 of 2nd period - Stopped by Mike Condon without a rebound.
2:41 of 2nd period - Ryan Martindale wins face-off versus Antoine Laganiere in Comets zone.
2:46 of 2nd period - Snap shot by Antoine Laganiere.
2:46 of 2nd period - Stopped by Mike Condon with a rebound.
3:14 of 2nd period - Minor Penalty to William Wrenn for Holding.
3:15 of 2nd period - Chase Schaber wins face-off versus Jeremy Welsh in Gulls zone.
3:19 of 2nd period - Off-side.
3:20 of 2nd period - Chase Schaber wins face-off versus Jeremy Welsh in neutral zone.
3:22 of 2nd period - Off-side.
3:23 of 2nd period - Jeremy Welsh wins face-off versus Chase Schaber in neutral zone.
3:26 of 2nd period - Slapshot by Colby Robak.
3:26 of 2nd period - Stopped by Jussi Rynnas with a rebound.
3:28 of 2nd period - Slapshot by Colby Robak.
3:28 of 2nd period - Shot Blocked by Chase Schaber.
3:30 of 2nd period - Slapshot by Andrew Ference.
3:30 of 2nd period - Deflect By Mike Sislo.
3:30 of 2nd period - Shot Blocked by Chase Schaber.
3:30 of 2nd period - Puck is out of play.
3:31 of 2nd period - Jeremy Welsh wins face-off versus Chase Schaber in Gulls zone.
3:38 of 2nd period - Wrist shot by Sven Baertschi.
3:38 of 2nd period - Stopped by Jussi Rynnas with a rebound.
3:40 of 2nd period - Slapshot by Colby Robak.
3:40 of 2nd period - Shot Blocked by Ryan Bourque.
3:42 of 2nd period - Slapshot by Andrew Ference.
3:42 of 2nd period - Shot Blocked by Ryan Bourque.
3:44 of 2nd period - Slapshot by Andrew Ference.
3:44 of 2nd period - Goal by Andrew Ference - Comets : 1 - Gulls : 0.
3:45 of 2nd period - Carter Camper wins face-off versus Ryan Martindale in neutral zone.
3:54 of 2nd period - Brandon Gormley is hit by Andrew Ference.
4:16 of 2nd period - Wrist shot by Jared Boll.
4:16 of 2nd period - Stopped by Jussi Rynnas with a rebound.
4:18 of 2nd period - Snap shot by Ryan Martindale.
4:18 of 2nd period - Stopped by Jussi Rynnas with a rebound.
4:20 of 2nd period - Snap shot by Reid Boucher.
4:20 of 2nd period - Shot Misses the Net.
4:22 of 2nd period - Slapshot by Andrew Ference.
4:22 of 2nd period - Stopped by Jussi Rynnas without a rebound.
4:23 of 2nd period - Jeremy Welsh wins face-off versus Antoine Laganiere in Gulls zone.
5:08 of 2nd period - Kent Huskins is hit by Antoine Laganiere and loses puck.
5:40 of 2nd period - Snap shot by Sven Andrighetto.
5:40 of 2nd period - Shot Misses the Net.
5:42 of 2nd period - Slapshot by Matt Lashoff.
5:42 of 2nd period - Deflect By Sven Andrighetto.
5:42 of 2nd period - Shot Misses the Net.
5:42 of 2nd period - Puck is out of play.
5:43 of 2nd period - Ryan Martindale wins face-off versus Carter Camper in Comets zone.
5:58 of 2nd period - Wrist shot by Carter Camper.
5:58 of 2nd period - Shot Misses the Net.
6:03 of 2nd period - Jerry D'Amigo beats up Jared Boll.
6:03 of 2nd period - Penalty to Jerry D'Amigo for Fighting.
6:03 of 2nd period - Penalty to Jared Boll for Fighting.
6:03 of 2nd period - Penalty to Jared Boll for instigated a fight.
6:03 of 2nd period - Penalty to Jared Boll for instigated a fight.
6:04 of 2nd period - Ryan Bourque wins face-off versus Mike Sislo in Comets zone.
6:22 of 2nd period - Snap shot by Ryan Bourque.
6:22 of 2nd period - Stopped by Mike Condon with a rebound.
6:24 of 2nd period - Wrist shot by Sven Andrighetto.
6:24 of 2nd period - Goal by Sven Andrighetto - Comets : 1 - Gulls : 1.
6:25 of 2nd period - Ryan Martindale wins face-off versus FARM PLAYER14 in neutral zone.
7:19 of 2nd period - Nicklas Jensen is hit by Jordan Caron.
7:29 of 2nd period - Snap shot by Brendan Gaunce.
7:29 of 2nd period - Stopped by Jussi Rynnas without a rebound.
7:30 of 2nd period - Chase Schaber wins face-off versus Mike Sislo in Gulls zone.
7:35 of 2nd period - Scott Glennie is hit by Ryan Bourque and loses puck.
8:02 of 2nd period - Icing by Ryan Murphy.
8:03 of 2nd period - Brendan Gaunce wins face-off versus Chase Schaber in Gulls zone.
8:04 of 2nd period - Slapshot by Colby Robak.
8:04 of 2nd period - Shot Misses the Net.
8:15 of 2nd period - Off-side.
8:16 of 2nd period - Brendan Gaunce wins face-off versus Sven Andrighetto in neutral zone.
8:30 of 2nd period - Slapshot by Andrew Ference.
8:30 of 2nd period - Shot Blocked by Ryan Pulock.
8:37 of 2nd period - Minor Penalty to William Wrenn for Hooking.
8:38 of 2nd period - Phil Lane wins face-off versus Jeremy Welsh in Gulls zone.
8:48 of 2nd period - Slapshot by Colby Robak.
8:48 of 2nd period - Stopped by Jussi Rynnas with a rebound.
8:50 of 2nd period - Snap shot by Andrew Ference.
8:50 of 2nd period - Shot Misses the Net.
8:52 of 2nd period - Wrist shot by Mike Sislo.
8:52 of 2nd period - Shot Misses the Net.
8:56 of 2nd period - Slapshot by Jeremy Welsh.
8:56 of 2nd period - Shot Misses the Net.
9:39 of 2nd period - Wrist shot by Ryan Martindale.
9:39 of 2nd period - Shot Misses the Net.
9:53 of 2nd period - Derek Meech is hit by Matt Lashoff and loses puck.
10:26 of 2nd period - FARM PLAYER14 is hit by Sven Baertschi and loses puck.
10:37 of 2nd period - Penalty to William Wrenn is over, William Wrenn is back on ice.
10:43 of 2nd period - Slapshot by Colby Robak.
10:43 of 2nd period - Shot Blocked by Matt Lashoff.
10:45 of 2nd period - Snap shot by Andrew Ference.
10:45 of 2nd period - Shot Misses the Net.
11:03 of 2nd period - Snap shot by Ben Hanowski.
11:03 of 2nd period - Shot Misses the Net.
11:35 of 2nd period - Wrist shot by Brandon Gormley.
11:35 of 2nd period - Deflect By Mike Sislo.
11:35 of 2nd period - Stopped by Mike Condon with a rebound.
11:37 of 2nd period - Slapshot by Ryan Bourque.
11:37 of 2nd period - Shot Misses the Net.
11:39 of 2nd period - Wrist shot by Joey Crabb.
11:39 of 2nd period - Stopped by Mike Condon with a rebound.
11:41 of 2nd period - Slapshot by Brandon Gormley.
11:41 of 2nd period - Shot Misses the Net.
12:03 of 2nd period - Ryan Martindale is hit by Phil Lane and loses puck.
12:10 of 2nd period - Slapshot by Colby Robak.
12:10 of 2nd period - Shot Misses the Net.
12:30 of 2nd period - Wrist shot by Ryan Pulock.
12:30 of 2nd period - Shot Misses the Net.
12:34 of 2nd period - Wrist shot by Jerry D'Amigo.
12:34 of 2nd period - Stopped by Mike Condon with a rebound.
12:36 of 2nd period - Slapshot by Ryan Pulock.
12:36 of 2nd period - Stopped by Mike Condon with a rebound.
12:38 of 2nd period - Snap shot by Ryan Pulock.
12:38 of 2nd period - Stopped by Mike Condon with a rebound.
12:54 of 2nd period - Minor Penalty to Brendan Gaunce for Hooking.
12:55 of 2nd period - Mike Sislo wins face-off versus Carter Camper in Comets zone.
13:10 of 2nd period - Wrist shot by Jerry D'Amigo.
13:10 of 2nd period - Stopped by Mike Condon with a rebound.
13:12 of 2nd period - Wrist shot by Brandon Gormley.
13:12 of 2nd period - Shot Misses the Net.
13:14 of 2nd period - Snap shot by Carter Camper.
13:14 of 2nd period - Shot Blocked by Andrew Ference.
13:56 of 2nd period - Wrist shot by Jerry D'Amigo.
13:56 of 2nd period - Deflect By Carter Camper.
13:56 of 2nd period - Stopped by Mike Condon with a rebound.
14:19 of 2nd period - Sven Andrighetto is hit by Derek Meech and loses puck.
14:26 of 2nd period - Wrist shot by Ben Hanowski.
14:26 of 2nd period - Shot Blocked by Sven Andrighetto.
14:38 of 2nd period - Brandon Gormley is hit by Andrew Ference and loses puck.
14:54 of 2nd period - Penalty to Brendan Gaunce is over, Brendan Gaunce is back on ice.
15:07 of 2nd period - Off-side.
15:08 of 2nd period - Ryan Martindale wins face-off versus Chase Schaber in neutral zone.
15:39 of 2nd period - Slapshot by Joey Crabb.
15:39 of 2nd period - Shot Misses the Net.
15:41 of 2nd period - Slapshot by Ryan Pulock.
15:41 of 2nd period - Stopped by Mike Condon with a rebound.
15:47 of 2nd period - Snap shot by Ryan Pulock.
15:47 of 2nd period - Deflect By Reid Boucher.
15:47 of 2nd period - Stopped by Mike Condon with a rebound.
15:49 of 2nd period - Wrist shot by Antoine Laganiere.
15:49 of 2nd period - Stopped by Mike Condon with a rebound.
16:03 of 2nd period - Wrist shot by Sven Andrighetto.
16:03 of 2nd period - Stopped by Mike Condon without a rebound.
16:04 of 2nd period - Sven Andrighetto wins face-off versus Mike Sislo in Comets zone.
17:53 of 2nd period - Wrist shot by Ben Hanowski.
17:53 of 2nd period - Shot Blocked by Matt Lashoff.
17:55 of 2nd period - Snap shot by Brendan Gaunce.
17:55 of 2nd period - Stopped by Jussi Rynnas with a rebound.
17:57 of 2nd period - Slapshot by Kent Huskins.
17:57 of 2nd period - Shot Blocked by FARM PLAYER14.
18:07 of 2nd period - Matt Lashoff is hit by Brendan Gaunce and loses puck.
18:30 of 2nd period - Snap shot by Ryan Pulock.
18:30 of 2nd period - Shot Misses the Net.
18:32 of 2nd period - Snap shot by Chase Schaber.
18:32 of 2nd period - Stopped by Mike Condon with a rebound.
18:34 of 2nd period - Wrist shot by Jerry D'Amigo.
18:34 of 2nd period - Shot Misses the Net.
18:36 of 2nd period - Snap shot by Chase Schaber.
18:36 of 2nd period - Deflect By Scott Glennie.
18:36 of 2nd period - Shot Misses the Net.
18:36 of 2nd period - Puck is out of play.
18:37 of 2nd period - Jerry D'Amigo wins face-off versus Ryan Martindale in Comets zone.
18:42 of 2nd period - Minor Penalty to Andrew Ference for Charging.
18:43 of 2nd period - Carter Camper wins face-off versus Mike Sislo in Comets zone.
Goals for this period are 1 for Comets vs 1 for Gulls.
Shots for this period are 12 for Comets vs 16 for Gulls.

3rd period


0:01 of 3rd period - Mike Sislo wins face-off versus Ryan Bourque in neutral zone.
0:42 of 3rd period - Penalty to Andrew Ference is over, Andrew Ference is back on ice.
1:03 of 3rd period - 10 Minutes Misconduct Penalty to Jared Boll is over.
1:18 of 3rd period - Snap shot by Ryan Martindale.
1:18 of 3rd period - Shot Blocked by Ryan Pulock.
1:24 of 3rd period - Wrist shot by Ryan Martindale.
1:24 of 3rd period - Stopped by Jussi Rynnas with a rebound.
2:50 of 3rd period - Mike Sislo is hit by Matt Lashoff and loses puck.
3:23 of 3rd period - Minor Penalty to Jared Boll for Interference.
3:24 of 3rd period - Ryan Bourque wins face-off versus Mike Sislo in Comets zone.
3:25 of 3rd period - Slapshot by Sven Andrighetto.
3:25 of 3rd period - Stopped by Mike Condon with a rebound.
3:27 of 3rd period - Snap shot by Phil Lane.
3:27 of 3rd period - Shot Misses the Net.
3:29 of 3rd period - Snap shot by Sven Andrighetto.
3:29 of 3rd period - Goal by Sven Andrighetto - Comets : 1 - Gulls : 2.
3:30 of 3rd period - Ryan Martindale wins face-off versus Sven Andrighetto in neutral zone.
4:08 of 3rd period - Sven Andrighetto is hit by Jared Boll and loses puck.
4:10 of 3rd period - Jared Boll beats up Ryan Pulock.
4:10 of 3rd period - Penalty to Ryan Pulock for Fighting.
4:10 of 3rd period - Penalty to Jared Boll for Fighting.
4:10 of 3rd period - Penalty to Jared Boll for instigated a fight.
4:10 of 3rd period - Penalty to Jared Boll for instigated a fight.
4:11 of 3rd period - Mike Sislo wins face-off versus Carter Camper in Gulls zone.
4:14 of 3rd period - Snap shot by Andrew Ference.
4:14 of 3rd period - Shot Blocked by Carter Camper.
4:16 of 3rd period - Slapshot by Andrew Ference.
4:16 of 3rd period - Deflect By Sven Baertschi.
4:16 of 3rd period - Stopped by Jussi Rynnas with a rebound.
5:01 of 3rd period - Colby Robak is hit by Phil Lane.
5:18 of 3rd period - Snap shot by Reid Boucher.
5:18 of 3rd period - Shot Misses the Net.
5:46 of 3rd period - Colby Robak is hit by Jerry D'Amigo and loses puck.
6:10 of 3rd period - Penalty to Jared Boll is over, Ben Hanowski is send on ice.
6:46 of 3rd period - Yann Sauve is hit by Jimmy Bonneau and loses puck.
7:13 of 3rd period - Yann Sauve is hit by Antoine Laganiere and loses puck.
7:46 of 3rd period - Colby Robak is hit by William Wrenn.
7:58 of 3rd period - Mike Sislo is hit by Matt Lashoff and loses puck.
8:37 of 3rd period - Kent Huskins is hit by Phil Lane and loses puck.
10:30 of 3rd period - Snap shot by Ryan Martindale.
10:30 of 3rd period - Shot Blocked by Jordan Caron.
10:34 of 3rd period - Snap shot by Ryan Martindale.
10:34 of 3rd period - Shot Misses the Net.
10:50 of 3rd period - Wrist shot by Sven Baertschi.
10:50 of 3rd period - Shot Blocked by Brandon Gormley.
10:58 of 3rd period - Snap shot by Jeremy Welsh.
10:58 of 3rd period - Shot Blocked by Phil Lane.
11:30 of 3rd period - Ryan Pulock is hit by Jeremy Welsh.
11:37 of 3rd period - Off-side.
11:38 of 3rd period - Chase Schaber wins face-off versus Jeremy Welsh in neutral zone.
12:15 of 3rd period - Antoine Laganiere is hit by Yann Sauve and loses puck.
12:36 of 3rd period - Wrist shot by Reid Boucher.
12:36 of 3rd period - Shot Misses the Net.
12:38 of 3rd period - Slapshot by Kent Huskins.
12:38 of 3rd period - Shot Misses the Net.
12:51 of 3rd period - Off-side.
12:52 of 3rd period - Mike Zalewski wins face-off versus Jerry D'Amigo in neutral zone.
13:01 of 3rd period - Slapshot by Andrew Ference.
13:01 of 3rd period - Stopped by Jussi Rynnas with a rebound.
13:18 of 3rd period - Icing by Corbin McPherson.
13:19 of 3rd period - Brendan Gaunce wins face-off versus Chase Schaber in Comets zone.
13:23 of 3rd period - Off-side.
13:24 of 3rd period - Chase Schaber wins face-off versus Brendan Gaunce in neutral zone.
14:11 of 3rd period - Jordan Caron is hit by Derek Meech and loses puck.
14:59 of 3rd period - Wrist shot by Jerry D'Amigo.
14:59 of 3rd period - Shot Misses the Net.
15:03 of 3rd period - Slapshot by Ryan Murphy.
15:03 of 3rd period - Deflect By Chase Schaber.
15:03 of 3rd period - Stopped by Mike Condon without a rebound.
15:04 of 3rd period - Brendan Gaunce wins face-off versus Chase Schaber in Comets zone.
15:11 of 3rd period - Snap shot by Ben Hanowski.
15:11 of 3rd period - Stopped by Jussi Rynnas with a rebound.
15:43 of 3rd period - Matt Lashoff is hit by Mike Sislo and loses puck.
15:59 of 3rd period - Brandon Gormley is hit by Jeremy Welsh and loses puck.
16:28 of 3rd period - Slapshot by Colby Robak.
16:28 of 3rd period - Deflect By Antoine Laganiere.
16:28 of 3rd period - Stopped by Jussi Rynnas with a rebound.
16:30 of 3rd period - Slapshot by Colby Robak.
16:30 of 3rd period - Shot Blocked by Joey Crabb.
16:32 of 3rd period - Slapshot by Andrew Ference.
16:32 of 3rd period - Deflect By Brandon Gormley.
16:32 of 3rd period - Stopped by Jussi Rynnas with a rebound.
17:08 of 3rd period - Icing by Jordan Caron.
17:09 of 3rd period - Brendan Gaunce wins face-off versus Sven Andrighetto in Gulls zone.
18:12 of 3rd period - Ryan Murphy is hit by Sven Baertschi.
18:18 of 3rd period - Ryan Pulock is hit by Mike Sislo and loses puck.
18:40 of 3rd period - Mike Sislo is hit by Chase Schaber and loses puck.
19:01 of 3rd period - Comets, Mike Condon is pulled from the net.
19:10 of 3rd period - 10 Minutes Misconduct Penalty to Jared Boll is over.
19:16 of 3rd period - Minor Penalty to Corbin McPherson for Holding Stick.
19:17 of 3rd period - Mike Condon from Comets was sent back in the game.
19:17 of 3rd period - Reid Boucher wins face-off versus Carter Camper in Comets zone.
19:31 of 3rd period - Slapshot by Carter Camper.
19:31 of 3rd period - Stopped by Mike Condon without a rebound.
19:32 of 3rd period - Doug Houda call a timeout for Comets.
19:32 of 3rd period - Carter Camper wins face-off versus Reid Boucher in Comets zone.
Goals for this period are 0 for Comets vs 1 for Gulls.
Shots for this period are 6 for Comets vs 4 for Gulls.